 Dungeon Crawl Stone Soup version 0.28.0-45-g0d030f2227 (webtiles) character file.

Game seed: 5880592858662952858

203410 Gabide the Gelid (level 17, -8/143 HPs)
             Began as a Demigod Ice Elementalist on Mar 30, 2022.
             Mangled by a deep troll (30 damage)
             ... led by an ironbound preserver
             ... on level 14 of the Dungeon on Apr 2, 2022.
             The game lasted 03:10:46 (66224 turns).

Gabide the Gelid (Demigod Ice Elementalist)        Turns: 66224, Time: 03:10:47

Health: -8/143     AC: 14    Str: 17      XL:     17   Next: 36%
Magic:  4/52       EV: 15    Int: 42 (43) God:
Gold:   824        SH:  9    Dex: 11      Spells: 20/49 levels left

rFire   + + +      SeeInvis +   O - +9 demon trident (freeze)
rCold   + . .      Faith    .   Z - +0 buckler {reflect}
rNeg    . . .      Spirit   .   c - +2 troll leather armour {Snorg}
rPois   +          Reflect  +   m - +0 helmet of the Endless Expanse {rPois rF++ Dex-3}
rElec   .          Harm     .   h - scarf {rC+ rF+}
rCorr   .          Rampage  .   M - +2 pair of gloves {Str+3}
Will    +....                   B - +2 pair of boots {Stlth+}
Stlth   +++.......              u - amulet of reflection
HPRegen 1.13/turn               A - ring of magical power
MPRegen 0.33/turn               l - ring of Pouzuota {Drain Str+5 Int+6 SInv}

@: about to teleport, unable to drink, studying 2 skills
A: high MP 1, forlorn, divine attributes, deterioration 1
}: 1/15 runes: decaying
a: no special abilities


You were on level 14 of the Dungeon.
You visited 6 branches of the dungeon, and saw 30 of its levels.

You collected 3961 gold pieces.
You spent 3137 gold pieces at shops.

Inventory:

Hand Weapons
 O - a +9 demon trident of freezing (weapon)
Missiles
 z - 2 throwing nets
Armour
 c - a +2 troll leather armour (worn) {Snorg}
 d - the +2 leather armour "Rupaw" {Int+4 Dex+2}
   (You bought it in a shop on level 15 of the Dungeon)

   Int:       It affects your intelligence (+4).
   Dex:       It affects your dexterity (+2).
 h - a scarf of resistance (worn)
 m - the +0 helmet of the Endless Expanse (worn) {rPois rF++ Dex-3}
   (You bought it in a shop on level 15 of the Dungeon)

   Dex:       It affects your dexterity (-3).
   rF:        It greatly protects you from fire.
   rPois:     It protects you from poison.
 q - a +2 helmet of intelligence
 B - a +2 pair of boots of stealth (worn)
 M - a +2 pair of gloves of strength (worn)
 Z - a +0 buckler of reflection (worn)
Magical Staves
 T - a staff of cold
Jewellery
 a - the ring "Qaonur" {+Blink rF+ rCorr Str-2 Dex+7}
   (You took it off a kobold on level 3 of the Dungeon)

   [ring of resist corrosion]

   Str:       It affects your strength (-2).
   Dex:       It affects your dexterity (+7).
   rF:        It protects you from fire.
   +Blink:    It lets you blink.
   rCorr:     It protects you from acid and corrosion.
 j - a ring of protection from fire
 l - the ring of Pouzuota (right hand) {Drain Str+5 Int+6 SInv}
   (You acquired it on level 5 of the Dungeon)

   [ring of intelligence]

   Str:       It affects your strength (+5).
   Int:       It affects your intelligence (+6).
   SInv:      It lets you see invisible.
   Drain:     It drains your maximum health when unequipped.
 u - an amulet of reflection (around neck)
 A - a ring of magical power (left hand)
 E - an amulet of magic regeneration
 K - a ring of ice
Wands
 b - a wand of iceblast (17)
 n - a wand of charming (2)
 F - a wand of polymorph (29)
 S - a wand of paralysis (20)
Scrolls
 k - 4 scrolls of holy word
 o - 7 scrolls of teleportation
 r - 3 scrolls of enchant weapon
 w - 4 scrolls of magic mapping
 y - 3 scrolls of amnesia
 H - 4 scrolls of vulnerability
 Q - 3 scrolls of immolation
 X - 9 scrolls of identify
Potions
 e - 2 potions of resistance
 f - 5 potions of attraction
 g - 5 potions of might
 i - 4 potions of cancellation
 p - 10 potions of lignification
 s - 2 potions of haste
 t - 4 potions of brilliance
 v - a potion of berserk rage
 C - 3 potions of mutation
 D - a potion of ambrosia
 I - 3 potions of curing
 J - 4 potions of flight
 L - a potion of invisibility
 V - a potion of magic
Miscellaneous
 x - a phial of floods (inert)
 P - a tin of tremorstones (2/2)
 R - a phantom mirror
 W - a condenser vane (inert)


   Skills:
 * Level 10.9 Fighting
 + Level 2.0 Maces & Flails
 + Level 6.2 Polearms
 + Level 0.3(4.1) Staves
 * Level 3.6 Armour
 * Level 10.6 Dodging
 + Level 3.6 Stealth
 + Level 3.3 Shields
 * Level 16.8 Spellcasting
 * Level 17.3 Ice Magic
 - Level 5.9 Evocations


You had 20 spell levels left.
You knew the following spells:

 Your Spells              Type           Power      Damage    Failure   Level
a - Freeze                Ice            100%       1d11      0%          1
b - Ozocubu's Armour      Ice            100%       N/A       0%          3
c - Frozen Ramparts       Ice            100%       1d12      0%          3
d - Hailstorm             Conj/Ice       83%        3d17      1%          4
e - Metabolic Englaciati  Hex/Ice        41%        N/A       1%          5
f - Simulacrum            Ice/Necr       41%        N/A       5%          6
g - Ozocubu's Refrigerat  Ice            55%        4d16      1%          7

Your spell library contained the following spells:

 Spells                   Type           Power      Damage    Failure   Level
 Pain                     Necr           100%       1d9       1%          1
 Slow                     Hex            100%       N/A       1%          1
 Sting                    Tmut/Pois      100%       1d8       1%          1
 Poisonous Vapours        Pois/Air       70%        N/A       1%          2
 Ice Form                 Ice/Tmut       83%        N/A       1%          4
 Summon Ice Beast         Ice/Summ       83%        N/A       1%          4
 Confusing Touch          Hex            35%        N/A       3%          3
 Dazzling Flash           Conj/Hex       70%        N/A       3%          3
 Vampiric Draining        Necr           35%        2d8       3%          3
 Iskenderun's Mystic Bla  Conj/Tloc      35%        2d8       12%         4
 Leda's Liquefaction      Hex/Erth       17%        N/A       12%         4
 Olgreb's Toxic Radiance  Pois           35%        N/A       12%         4
 Petrify                  Tmut/Erth      35%        N/A       12%         4
 Agony                    Necr           35%        N/A       32%         5
 Blade Hands              Tmut           17%        N/A       32%         5
 Excruciating Wounds      Necr           17%        N/A       32%         5
 Irradiate                Conj/Tmut      17%        3d19      32%         5
 Lee's Rapid Deconstruct  Erth           17%        3d12*     32%         5
 Summon Forest            Summ/Tloc      17%        N/A       32%         5
 Summon Mana Viper        Hex/Summ       35%        N/A       32%         5
 Starburst                Conj/Fire      17%        6d6       88%         6
 Statue Form              Tmut/Erth      23%        N/A       88%         6
 Summon Cactus Giant      Summ           17%        N/A       88%         6
 Dragon Form              Tmut           17%        N/A       100%        7


Dungeon Overview and Level Annotations

Branches:
Dungeon (15/15)            Temple (0/1) D:4            Lair (6/6) D:8
  Swamp (4/4) Lair:2       Spider (0/4) Lair:4        Slime (0/5) Lair:6
    Orc (2/2) D:11            Elf (2/3) Orc:2        Vaults (1/5) D:14
 Depths (0/4) D:15

Shops:
D:12 (   D:14 *   D:15 [[[   Orc:2 :(((   Elf:2 *   Vaults:1 ?

Annotations:
D:8 1 exclusion
Orc:2 2 transporters, mn3067's ghost, adept GrEE
Elf:2 3 runed translucent doors


Innate Abilities, Weirdness & Mutations

You have an increased reservoir of magic. (+10% MP)
You shall have no god before yourself.
Your divine heritage dramatically boosts your attributes as you level up.
Your body sometimes deteriorates upon taking damage.


Message History

You hit the deep troll. You freeze the deep troll.
The deep troll is moderately wounded.
The deep troll bites you! The deep troll closely misses you.
The deep troll misses you. The deep troll bites you! The deep troll claws you.
You block the deep troll's attack.
You are too injured to fight recklessly!
You are too injured to fight recklessly!
You are too injured to fight recklessly!
You are too injured to fight recklessly!
You are too injured to fight recklessly!
Items here: ) [[ †.
You can drink potions again.
As you open the door, it creaks loudly!
The ironbound convoker casts a spell at the deep troll.
The deep troll seems to grow stronger.
There is an open door here.
The deep troll bites you but does no damage.
You block the deep troll's attack. x2
There is an open door here.
There is a gate leading back out of this place here.
The deep troll bites you! The deep troll claws you! x2
You go up through the gate.
Welcome back to the Dungeon!
There is a gate to the Vaults here.
You are too injured to fight recklessly!
Casting: Ozocubu's Refrigeration (dangerous; 1% risk of failure)
Press: ? - help, Q - select action, (/) - cycle Dir - look around, f - activate The heat is drained from your surroundings.
You feel very cold.
The deep troll is frozen.
The deep troll is moderately wounded.
The deep troll bites you!!
* * * LOW HITPOINT WARNING * * *
Your body deteriorates!
You feel dopey. The deep troll closely misses you.
The deep troll barely misses you.
Press: ? - help, v - describe, . - travel
Here: a deep troll (moderately wounded, strong)
The floor.
As you read the scroll of teleportation, it crumbles to dust.
You feel strangely unstable. The deep troll bites you!!
You die...

#.#[[...#.....#.#####..≈≈≈≈≈
#.#[....'..[..#.......##≈≈≈#
#.#..⌠..'..⌠..#.####..#≈≈≈##
#.#.....'.....#.# #..##≈≈##
#(#.....#.....#.# ####≈≈##
#.##'''########.# #≈≈##
#.#.....#....[#.# ###
#.#..[..'.[T.(#.# ######
#.#..⌠..'..@..#.# #.##.#
#.#.....'.....#.# #.....
#.#[)...#...[[#.# ####.#
#.#############.# #.#
#...............# #.#
################# #.# #.#
#.> ##.


You could see a deep troll (strong).

Vanquished Creatures
  2 thorn hunters (Swamp:4)
  A fenstrider witch (Swamp:2)
  Louise (Swamp:2)
  2 orc warlords
  5 vault wardens (Vaults:1)
  The ghost of Deblymug the Thaumaturge, a journeyman GnSk of Makhleb (Swamp:2)
  An ironbound preserver (Vaults:1)
  Nessos (D:13)
  2 ironbound thunderhulks (Vaults:1)
  A deep elf demonologist (Elf:1)
  An entropy weaver (Vaults:1)
  A bunyip (Swamp:3)
  6 eleionomae
  Snorg (Lair:4)
  An ettin (D:15)
  Harold (D:9)
  A shambling mangrove (Swamp:4)
  A great orb of eyes (Vaults:1)
  3 boulder beetles
  3 ghost crabs
  20 hydras
  The ghost of Ablot the Thaumaturge, a journeyman GnWr of Okawaru (D:9)
  A vault guard (D:14)
  Erica (D:11)
  A catoblepas (Lair:2)
  4 two-headed ogres
  3 centaur warriors
  10 alligators
  12 dancing weapons
  3 tengu warriors
  2 orc high priests (Orc:2)
  A spriggan berserker (Swamp:4)
  11 deep elf knights
  3 skeletal warriors
  4 deep trolls
  6 goliath frogs
  5 spriggan druids
  3 wizards
  4 bog bodies
  A phantasmal warrior (Vaults:1)
  3 necromancers
  7 swamp dragons
  4 orc knights
  7 deep elf archers
  7 ironbound convokers (Vaults:1)
  20 deep elf zephyrmancers
  A harpy (Vaults:1)
  A sphinx zombie (Vaults:1)
  18 deep elf pyromancers
  2 manticores (shapeshifter)
  7 orc sorcerers
  3 cyclopes
  15 ugly things
  2 manticores
  7 black mambas
  3 will-o-the-wisps
  12 elephants
  A guardian serpent (shapeshifter) (D:14)
  A fire giant skeleton (Vaults:1)
  A gargoyle (D:12)
  A torpor snail (Lair:2)
  9 vault sentinels (Vaults:1)
  14 cane toads
  2 kobold demonologists (D:12)
  An efreet (D:13)
  8 rime drakes
  14 komodo dragons
  A tengu conjurer (D:13)
  A troll (shapeshifter) (Vaults:1)
  4 trolls
  12 yaktaurs (Vaults:1)
  2 bloated husks (Swamp:3)
  4 tyrant leeches
  13 hornets
  A dream sheep (Lair:6)
  14 slime creatures
  17 blink frogs
  A human simulacrum (Vaults:1)
  A fire giant simulacrum (Vaults:1)
  An air elemental (Elf:1)
  A culicivora (Vaults:1)
  16 spriggans
  7 water elementals
  2 elf skeletons (Vaults:1)
  7 wraiths
  53 yaks
  3 basilisks
  3 wyverns
  A steam dragon (D:7)
  22 humans (D:14)
  29 vampire mosquitoes
  3 wargs
  A redback (Vaults:1)
  12 swamp worms
  2 acid dragons
  15 water moccasins
  26 orc warriors
  8 swamp drakes
  A black bear (Lair:5)
  A necrophage (D:5)
  4 ogres
  2 phantoms
  6 centaurs
  A wyvern zombie (D:7)
  4 kobold brigands
  23 bullfrogs
  A gnoll sergeant (D:4)
  3 earth elementals
  2 scorpions
  A glowing shapeshifter simulacrum (Vaults:1)
  8 killer bees
  A wight (D:8)
  18 electric eels
  3 centaur zombies
  6 hounds
  2 jellies
  30 orc priests
  2 gnoll shamans (D:8)
  A centaur skeleton (D:7)
  Jessica (D:2)
  3 iguanas
  29 orc wizards
  A hound zombie (D:5)
  2 hound skeletons (D:4)
  2 howler monkey zombies (D:9)
  11 gnolls
  4 adders
  3 white imps (D:8)
  An ufetubus (D:5)
  An adder skeleton (D:4)
  A dart slug (D:2)
  82 orcs
  2 ball pythons
  8 endoplasms
  3 giant cockroaches
  7 goblins
  11 hobgoblins
  6 jackals
  26 kobolds
  7 quokkas
  11 bats
  5 frilled lizards
  2 rats
  3 briar patches (Swamp:4)
938 creatures vanquished.

Vanquished Creatures (collateral kills)
  A thorn hunter (Swamp:4)
  2 hydras (Lair:6)
  2 dancing weapons (Elf:1)
  An orb spider (shapeshifter) (Elf:1)
  2 bog bodies (Swamp:4)
  4 elephants (Lair:6)
  2 cane toads (Lair:6)
  A blink frog (Lair:6)
  A wraith (D:6)
  A swamp worm (Swamp:1)
  4 water moccasins
  2 swamp drakes (Swamp:4)
  A howler monkey (D:6)
  An adder (D:6)
  A shadow imp (D:6)
26 creatures vanquished.

Vanquished Creatures (others)
  2 bloated husks (Swamp:2)
  A spriggan (Swamp:2)
  A vampire mosquito (Swamp:2)
  8 foxfires (Swamp:2)
  54 fungi
  126 plants
192 creatures vanquished.

Grand Total: 1156 creatures vanquished

Notes
Turn   | Place    | Note
-------+----------+-------------------------------------------
     0 | D:1      | Gabide the Demigod Ice Elementalist began the quest for the
                  | Orb.
     0 | D:1      | Reached XP level 1. HP: 14/14 MP: 5/5
   135 | D:1      | Reached XP level 2. HP: 10/20 MP: 0/7
   477 | D:1      | Reached skill level 4 in Ice Magic
   849 | D:1      | Reached XP level 3. HP: 27/27 MP: 2/9
  1000 | D:1      | Learned a level 3 spell: Ozocubu's Armour
  1666 | D:2      | Noticed Jessica
  1673 | D:2      | Killed Jessica
  1854 | D:2      | Reached XP level 4. HP: 34/34 MP: 6/10
  2332 | D:3      | Identified the ring "Qaonur" {+Blink rF+ rCorr Str-2 Dex+7}
  2390 | D:3      | You fall into a shaft and drop 2 floors!
  2390 | D:5      | Entered Level 5 of the Dungeon
  2412 | D:4      | Found a staircase to the Ecumenical Temple.
  2744 | D:4      | Noticed a phantom
  2958 | D:3      | Learned a level 3 spell: Frozen Ramparts
  3545 | D:3      | Reached skill level 1 in Fighting
  3851 | D:4      | Noticed a gnoll sergeant
  3861 | D:3      | Reached XP level 5. HP: 22/40 MP: 3/13
  4039 | D:4      | Reached skill level 5 in Ice Magic
  4040 | D:4      | Reached XP level 6. HP: 47/47 MP: 3/14
  4572 | D:5      | Found the +6 arbalest "Damnation" {damnation}
  4740 | D:5      | Reached XP level 7. HP: 53/53 MP: 14/17
  4874 | D:5      | Learned a level 4 spell: Hailstorm
  5040 | D:5      | Reached skill level 6 in Ice Magic
  5548 | D:5      | Identified a scroll of acquirement
  5548 | D:5      | Acquired the ring of Pouzuota {Drain Str+5 Int+6 SInv}
  5596 | D:5      | Reached skill level 5 in Spellcasting
  6256 | D:6      | Reached skill level 1 in Maces & Flails
  6415 | D:6      | Killed a wraith
  6416 | D:6      | Reached XP level 8. HP: 62/62 MP: 17/19
  6581 | D:6      | Reached skill level 7 in Ice Magic
  8851 | D:8      | Noticed a troll
  8864 | D:8      | Killed a troll
  8881 | D:7      | Reached XP level 9. HP: 24/71 MP: 0/22
  9950 | D:8      | Noticed a two-headed ogre
  9957 | D:8      | Killed a two-headed ogre
  9958 | D:8      | Reached skill level 8 in Ice Magic
 10507 | D:8      | Reached skill level 1 in Shields
 11658 | D:9      | Noticed Harold
 12430 | D:9      | Reached skill level 5 in Fighting
 12491 | D:9      | Found a runed translucent gate.
 12491 | D:9      | Found a runed translucent gate.
 12491 | D:9      | Found a runed translucent gate.
 12493 | D:9      | Noticed Ablot's ghost (journeyman GnWr)
 12961 | D:9      | Learned a level 5 spell: Metabolic Englaciation
 13334 | D:9      | Killed Ablot's ghost
 13335 | D:9      | Reached skill level 9 in Ice Magic
 13335 | D:9      | Reached XP level 10. HP: 66/81 MP: 1/25
 13571 | D:9      | Killed Harold
 13687 | D:10     | Entered Level 10 of the Dungeon
 14108 | D:10     | Reached skill level 5 in Dodging
 15105 | D:10     | Noticed a two-headed ogre
 15118 | D:10     | Killed a two-headed ogre
 15697 | D:11     | Noticed a two-headed ogre
 15704 | D:11     | Reached skill level 10 in Ice Magic
 15706 | D:11     | Killed a two-headed ogre
 16317 | D:11     | Noticed a brown ugly thing
 16332 | D:11     | Killed a brown ugly thing
 17177 | D:11     | Reached XP level 11. HP: 69/89 MP: 4/28
 17298 | D:11     | Noticed Erica
 17298 | D:11     | Noticed a four-headed hydra
 17305 | D:11     | Killed a four-headed hydra
 18265 | D:11     | Noticed a skeletal warrior
 18284 | D:11     | Noticed a skeletal warrior
 18285 | D:11     | Noticed a skeletal warrior
 18309 | D:10     | Killed a skeletal warrior
 19421 | D:10     | HP: 3/89 [skeletal warrior/+0 short sword[a skeletal
                  | warrior] (21)]
 19996 | D:10     | Killed a skeletal warrior
 20382 | D:11     | Killed Erica
 20629 | D:11     | Killed a skeletal warrior
 20855 | D:11     | Found a staircase to the Orcish Mines.
 21122 | D:12     | Reached skill level 10 in Spellcasting
 21179 | D:12     | Reached skill level 11 in Ice Magic
 21187 | D:12     | Reached skill level 1 in Evocations
 21495 | D:12     | Found Racsufer's Antique Weapon Shop.
 22035 | D:12     | Identified the ring "Kelapto" {Contam rPois rCorr Dex+4}
 22054 | D:12     | Noticed a boulder beetle
 22075 | D:12     | Killed a boulder beetle
 22640 | D:13     | Noticed a boulder beetle
 22641 | D:13     | Noticed a tengu warrior
 23034 | D:12     | Killed a tengu warrior
 23111 | D:13     | Killed a boulder beetle
 23504 | D:13     | Noticed a deep elf pyromancer
 23954 | Orc:1    | Entered Level 1 of the Orcish Mines
 24406 | Orc:1    | Reached XP level 12. HP: 97/97 MP: 26/31
 25302 | Orc:2    | Entered Level 2 of the Orcish Mines
 25302 | Orc:2    | Noticed an orc warlord
 25333 | Orc:1    | Killed an orc warlord
 27118 | Orc:2    | Reached skill level 12 in Ice Magic
 29745 | Orc:2    | Found a staircase to the Elven Halls.
 29888 | Orc:2    | Found a transporter.
 30217 | Orc:2    | Found Gugourut's Antique Weapon Emporium.
 30217 | Orc:2    | Found Xoahan's Antique Weapon Emporium.
 30218 | Orc:2    | Found Wiod's Book Shoppe.
 30222 | Orc:2    | Found Neskav's Antique Weapon Shoppe.
 30227 | Orc:2    | Bought a book of Winter for 442 gold pieces
 30245 | Orc:2    | Learned a level 6 spell: Simulacrum
 30321 | Orc:2    | Found a transporter.
 30359 | Orc:2    | Noticed mn3067's ghost (adept GrEE)
 30978 | D:8      | Found a staircase to the Lair.
 31089 | Lair:1   | Entered Level 1 of the Lair of Beasts
 33193 | Lair:2   | Reached XP level 13. HP: 105/105 MP: 4/33
 33497 | Lair:2   | Found a staircase to the Swamp.
 33508 | Lair:2   | Reached skill level 1 in Polearms
 36432 | Lair:4   | Found a dark tunnel.
 36617 | Lair:4   | Acquired 671 gold pieces
 36638 | Lair:4   | Identified the +4 trident "Qooraid" {freeze, Fragile rC+
                  | rCorr SInv}
 37201 | Lair:4   | Reached skill level 13 in Ice Magic
 37245 | Lair:4   | Found a hole to the Spider Nest.
 37265 | Lair:4   | Noticed Snorg
 37280 | Lair:4   | Killed Snorg
 39299 | Lair:6   | Entered Level 6 of the Lair of Beasts
 41800 | Lair:6   | Reached skill level 5 in Evocations
 41808 | Lair:6   | Reached XP level 14. HP: 113/116 MP: 7/36
 41935 | Lair:6   | Found a staircase to the Slime Pits.
 42302 | Lair:6   | Reached skill level 5 in Polearms
 43571 | Swamp:1  | Entered Level 1 of the Swamp
 45144 | Swamp:1  | Learned a level 7 spell: Ozocubu's Refrigeration
 45150 | Swamp:2  | Noticed Louise
 45181 | Swamp:2  | Killed Louise
 45763 | Swamp:2  | Reached skill level 14 in Ice Magic
 46656 | Swamp:2  | Noticed a fenstrider witch
 46660 | Swamp:2  | Killed a fenstrider witch
 47061 | Swamp:2  | Found a runed translucent door.
 47087 | Swamp:2  | Noticed Deblymug's ghost (journeyman GnSk)
 47101 | Swamp:2  | Killed Deblymug's ghost
 48057 | Swamp:3  | Reached XP level 15. HP: 124/124 MP: 23/38
 49804 | Swamp:4  | Entered Level 4 of the Swamp
 49804 | Swamp:4  | Noticed a thorn hunter
 49808 | Swamp:4  | Killed a thorn hunter
 51548 | Swamp:4  | Reached skill level 15 in Ice Magic
 51550 | Swamp:4  | Noticed a thorn hunter
 51558 | Swamp:4  | Killed a thorn hunter
 52936 | Swamp:4  | Acquired a staff of cold
 53228 | Swamp:4  | Got a decaying rune of Zot
 53246 | Swamp:4  | Noticed a thorn hunter
 53268 | Swamp:4  | Killed a thorn hunter
 54588 | Elf:1    | Entered Level 1 of the Elven Halls
 54597 | Elf:1    | Reached skill level 15 in Spellcasting
 55051 | Elf:1    | Reached skill level 10 in Fighting
 55297 | Elf:1    | Reached XP level 16. HP: 134/134 MP: 16/40
 56656 | Elf:1    | Reached skill level 16 in Ice Magic
 56932 | Elf:1    | Identified the +0 chain mail of Disaster {Contam Str+3
                  | Int+3 Slay+5}
 57451 | Elf:2    | HP: 1/134 [+0 scimitar of electrocution (19)]
 57786 | Elf:2    | Reached skill level 1 in Armour
 58127 | Elf:2    | Reached skill level 10 in Dodging
 58593 | Elf:2    | Found a runed translucent gate.
 58593 | Elf:2    | Found a runed translucent gate.
 58593 | Elf:2    | Found a runed translucent gate.
 58836 | Elf:2    | Found Kakinos's Assorted Antiques.
 58848 | Elf:2    | Bought a scroll labelled KUISSO NENARAE for 38 gold pieces
 58848 | Elf:2    | Bought a scroll of teleportation for 114 gold pieces
 58848 | Elf:2    | Bought a scroll of teleportation for 114 gold pieces
 60218 | D:13     | Acquired 347 gold pieces
 60471 | D:13     | Noticed Nessos
 60474 | D:13     | Killed Nessos
 60983 | D:14     | Found Unnemit's Neck Hole.
 60992 | D:14     | Bought a scarf of resistance for 384 gold pieces
 61361 | D:14     | Found a gate to the Vaults.
 62719 | D:14     | Gained mutation: Your body sometimes deteriorates upon
                  | taking damage. [mutagenic glow]
 62761 | D:15     | Entered Level 15 of the Dungeon
 62768 | D:15     | Found Xehior's Antique Armour Boutique.
 62776 | D:15     | Bought a pair of embroidered boots for 262 gold pieces
 62788 | D:15     | Bought a heavily runed ring mail for 315 gold pieces
 62788 | D:15     | Identified the +2 ring mail "Cosur" {*Slow Fly rF+ Will++}
                  | (You bought it in a shop on level 15 of the Dungeon)
 62969 | D:15     | Found Dinloyr's Antique Armour Boutique.
 63071 | D:15     | Bought a steaming helmet for 323 gold pieces
 63071 | D:15     | Identified the +0 helmet of the Endless Expanse {rPois rF++
                  | Dex-3} (You bought it in a shop on level 15 of the Dungeon)
 63071 | D:15     | Bought a pair of faintly humming boots for 323 gold pieces
 63071 | D:15     | Identified the -3 pair of boots of Satisfaction {rF+ rN+
                  | Str-4 Stlth+} (You bought it in a shop on level 15 of the
                  | Dungeon)
 63071 | D:15     | Bought a faintly glowing buckler for 323 gold pieces
 63071 | D:15     | Identified the +0 buckler "Earthly Heaven" {*Corrode Dex+5}
                  | (You bought it in a shop on level 15 of the Dungeon)
 63310 | D:15     | Found a staircase to the Depths.
 63898 | D:15     | Found Jegosh's Antique Armour Boutique.
 63904 | D:15     | Bought an encrusted leather armour for 252 gold pieces
 63904 | D:15     | Identified the +2 leather armour "Rupaw" {Int+4 Dex+2} (You
                  | bought it in a shop on level 15 of the Dungeon)
 64344 | Vaults:1 | Entered Level 1 of the Vaults
 64354 | Vaults:1 | Found Sofud's Magic Scroll Emporium.
 64359 | Vaults:1 | Bought a scroll of teleportation for 45 gold pieces
 64359 | Vaults:1 | Bought a scroll of teleportation for 45 gold pieces
 64359 | Vaults:1 | Bought a scroll of blinking for 112 gold pieces
 64359 | Vaults:1 | Bought a scroll of teleportation for 45 gold pieces
 64678 | Vaults:1 | Reached XP level 17. HP: 141/141 MP: 37/43
 64848 | Vaults:1 | Reached skill level 17 in Ice Magic
 66224 | D:14     | Mangled by a deep troll

Illustrated notes

Levels and vault maps discovered:
D:1:      dpeg_arrival_round_b, layout_rooms,
          shapermc_ecumenical_altar_flowoftime, minmay_tripent
D:2:      layout_basic, uniq_jessica
D:3:      cheibrodos_old_hovel, layout_basic, kennysheep_nub, minmay_distorted
D:4:      layout_loops_cross, minmay_temple_entry_statues_fountains,
          minmay_manual_moon
D:5:      kennysheep_spiral_hall, layout_rooms, serial_rivers,
          chequers_serial_rivers_micro_d, chequers_serial_rivers_marsh,
          chequers_serial_rivers_small_b, chequers_serial_rivers_large_a,
          chequers_serial_rivers_micro_e, chequers_serial_rivers_small_3,
          minmay_parallelograms, minmay_misc_feat_tower,
          hangedman_decor_riveting
D:6:      layout_cave_pools
D:7:      layout_loops_cross, okawaru_gym_becter, nrook_loot_triangle,
          minivault_4
D:8:      minmay_bubble_buster, layout_rooms, erik_lair_island
D:9:      layout_basic, ebering_ghost_rock_garden, uniq_harold
D:10:     layout_layer_cave
D:11:     layout_small_grid, erik_orc_4, uniq_erica
D:12:     layout_basic, serial_shops, shop
D:13:     layout_basic, uniq_nessos
D:14:     layout_loops_cross, grunt_vaults_entry_tiered, chequers_big_river,
          nicolae_shop_sticking_my_neck_out
D:15:     hangedman_depths_entry_civil_slaughter, layout_basic, serial_shops,
          nicolae_shop_advertising_works [nicolae_subvault_shop_adworks],
          shop_fountains, shop, hangedman_glass_teeth, tgw_lugonu_bribe
Lair:1:   layout_cave_shapes, portal_ice_cave_rime, patterned_corridor,
          grunt_megastairs_1
Lair:2:   layout_regular_city, minmay_swamp_entry_swarm, guppyfry_lair_drakes
Lair:3:   layout_regular_city
Lair:4:   layout_loops_ring, dummy_spider_entry, enter_volcano_1,
          lemuel_fruit_tree, uniq_snorg
Lair:5:   layout_roguey
Lair:6:   minmay_lair_end_frog_pond, layout_hall_layers,
          dpeg_slime_entry_corner, gauntlet_entry_generic, st_stairs_5,
          serial_bayou_shore_a
Swamp:1:  layout_basic_swamp, evilmike_swamp_ruin_house_2,
          infiniplex_staircase_pool
Swamp:2:  layout_basic_swamp, gammafunk_ghost_grave,
          evilmike_swamp_ruin_rubble_2, swamp_pool4, nicolae_swamp_tree_designs,
          infiniplex_staircase_pool_2, uniq_louise
Swamp:3:  layout_basic_swamp, serial_swamp_ruin, evilmike_swamp_ruin_house_4,
          evilmike_swamp_ruin_rubble_1, evilmike_swamp_ruin_house_1
Swamp:4:  swamp_basic_johnstein, layout_basic_swamp
Orc:1:    layout_diamond_mine, roderic_batcave
Orc:2:    st_orc_mages, layout_caves, gammafunk_ghost_stat_death
Elf:1:    minmay_elf_arrival_plus, layout_geoelf_grid,
          hangedman_elven_crosses_minicolossus
Elf:2:    elven_hall_of_blades_hangedman_original [nicolae_blade_bullseye],
          layout_loops_cross, serial_shops, nicolae_diamond_shop, uniq_azrael
Vaults:1: v_pattern_4, hangedman_vaults_corner, vaults_mumra_minichess,
          vaults_room_grunt_arrival_ludios, vaults_dpeg_cross, st_squares,
          v_misc_17, hangedman_vaults_maws, nicolae_vaults_asterisk,
          ontoclasm_vaults_pinch, layout_vaults_big_room,
          nicolae_trove_entry_diagonal, serial_shops, nicolae_shop_crystal

Skill      XL: |  1  2  3  4  5  6  7  8  9 10 11 12 13 14 15 16 17 |
---------------+----------------------------------------------------+-----
Dodging        | 2 3 4 5 6 8 9 10 | 10.6
Spellcasting   | 2 3 4 5 6 7 9 10 12 13 15 16 | 16.8
Ice Magic      | 4 5 6 7 9 10 11 12 13 14 15 16 17 | 17.3
Fighting       | 1 2 4 5 6 7 8 9 10 | 10.9
Stealth        | 2 3 |  3.6
Maces & Flails | 1 2 |  2.0
Shields        | 1 2 3 |  3.3
Evocations     | 2 3 5 |  5.9
Polearms       | 4 5 6 |  6.2
Armour         | 2 3 |  3.6
Staves         | |  0.3

Action                   |  1- 3 |  4- 6 |  7- 9 | 10-12 | 13-15 | 16-18 || total
-------------------------+-------+-------+-------+-------+-------+-------++-------
Melee: Dagger            |    11 |     1 |       |       |       |       ||    12
       Club              |       |    30 |    68 |    72 |       |       ||   170
       Punch             |       |     1 |     1 |       |       |       ||     2
       Staff             |       |       |       |    12 |     9 |     7 ||    28
       Demon trident     |       |       |       |    33 |   534 |   202 ||   769
       Mace              |       |       |       |     2 |       |       ||     2
Throw: Throwing net      |       |       |       |     2 |       |     3 ||     5
 Cast: Freeze            |    63 |    45 |   127 |   253 |    93 |       ||   581
       Ozocubu's Armour  |       |    10 |    16 |    31 |    17 |     2 ||    76
       Frozen Ramparts   |       |     8 |    12 |    22 |     4 |       ||    46
       Hailstorm         |       |       |    35 |   226 |   171 |       ||   432
       Metabolic Englaci |       |       |     2 |    40 |    51 |     2 ||    95
       Simulacrum        |       |       |       |     2 |    14 |     1 ||    17
       Ozocubu's Refrige |       |       |       |       |   194 |   261 ||   455
 Abil: Evoke Blink       |       |       |     1 |     2 |     4 |       ||     7
Evoke: Wand              |       |       |     8 |    15 |     4 |       ||    27
       Phial of floods   |       |       |       |     1 |     2 |     2 ||     5
       Condenser vane    |       |       |       |       |     1 |     1 ||     2
  Use: Scroll            |       |    12 |    14 |     5 |     9 |    14 ||    54
       Potion            |       |       |       |     4 |     6 |     8 ||    18
 Stab: Distracted        |       |       |     1 |     2 |       |       ||     3
       Invisible         |       |       |       |     1 |       |       ||     1
       Sleeping          |       |       |       |       |     1 |     1 ||     2
Armor: Robe              |     9 |    28 |    77 |   142 |    28 |       ||   284
       Troll leather arm |       |       |       |       |   207 |    73 ||   280
Dodge: Dodged            |    24 |    82 |   153 |   240 |   441 |    98 ||  1038
Block: Other             |       |       |    34 |    47 |       |       ||    81
       Reflection        |       |       |     3 |     4 |     8 |    16 ||    31
       Buckler           |       |       |       |    84 |   359 |   107 ||   550
